 Dungeon Crawl Stone Soup version 0.30.1-11-g7821555f0a (webtiles) character file.

Game seed: 13529752534251832231

34 Okkudo the Chopper (level 3, -2/33 HPs)
             Began as a Hill Orc Monk on Nov 28, 2023.
             Slain by an orc
             ... wielding a +0 morningstar
              (6 damage)
             ... on level 3 of the Dungeon.
             The game lasted 00:06:55 (1712 turns).

Okkudo the Chopper (Hill Orc Monk)                  Turns: 1712, Time: 00:06:56

Health: -2/33      AC:  8    Str: 15    XL:     3   Next: 31%
Magic:  3/3        EV:  5    Int: 10    God:
Gold:   29         SH:  0    Dex: 10    Spells: 2/2 levels left

rFire   . . .        a - +0 hand axe
rCold   + . .        n - +0 kite shield
rNeg    + . .        k - +0 chain mail
rPois   .            (no helmet)
rElec   .            (no cloak)
rCorr   .            (no gloves)
SInv    .            (no boots)
Will    .....        p - amulet of faith Stlth
                     o - ring of Owupnari {rC+ rN+ Dex-3 Stlth+}
HPRegen 0.25/turn    (no ring)
MPRegen 0.08/turn

%: faith
@: confused, ambrosia-drunk
A: no striking features
a: no special abilities


You were on level 3 of the Dungeon.
You visited 1 branch of the dungeon, and saw 3 of its levels.

You collected 128 gold pieces.
You spent 99 gold pieces at shops.

Inventory:

Hand Weapons
 a - a +0 hand axe (weapon)
Armour
 d - an orb of light
 k - a +0 chain mail (worn)
 n - a +0 kite shield (worn)
Jewellery
 i - an amulet of guardian spirit
 o - the ring of Owupnari (left hand) {rC+ rN+ Dex-3 Stlth+}
   (You found it on level 3 of the Dungeon)

   [ring of protection from cold]

   Dex:       It affects your dexterity (-3).
   rC:        It protects you from cold.
   rN:        It protects you from negative energy.
   Stlth:     It makes you more stealthy.
 p - an amulet of faith (around neck)
Scrolls
 b - 2 scrolls of teleportation {unknown}
 e - a scroll of fog {unknown}
 f - 2 scrolls of fear {unknown}
 g - 3 scrolls of identify {unknown}
 j - a scroll of magic mapping {unknown}
Potions
 c - a potion of ambrosia
 h - 2 potions of lignification {unknown}
 l - a potion of degeneration {unknown}
 m - a potion of mutation {unknown}


   Skills:
 * Level 4.2 Fighting
 * Level 4.5 Axes
 + Level 1.1 Armour
 - Level 2.4 Dodging
 + Level 1.2 Shields


You had 2 spell levels left.
You didn't know any spells.
Your spell library contained the following spells:

 Spells                   Type           Power      Damage    Failure   Level
 Magic Dart               Conj           0%         1d3       100%        1
 Shock                    Conj/Air       0%         1d3       100%        1
 Call Imp                 Summ           0%         N/A       100%        2
 Mephitic Cloud           Conj/Pois/Air  0%         N/A       100%        3
 Portal Projectile        Hex/Tloc       0%         N/A       100%        3
 Swiftness                Air            0%         N/A       100%        3
 Tukima's Dance           Hex            0%         N/A       100%        3
 Airstrike                Air            0%         2d(0-16)  100%        4
 Blade Hands              Tmut           0%         N/A       100%        5


Dungeon Overview and Level Annotations

Branches:
Dungeon (3/15)

Altars:

Shops:
D:2 [


Message History

You barely miss the orc.
The orc is heavily wounded.
You completely miss the orc.
The orc shouts!
You hear a shout!
The orc hits you but does no damage. The orc barely misses you.
You closely miss the orc.
The orc is heavily wounded.
You barely miss the orc. The orc hits you but does no damage.
The orc hits you with a +0 club. The orc hits you but does no damage.
The orc completely misses you.
You closely miss the orc.
The orc is heavily wounded.
You hit the orc. The orc hits you but does no damage.
You barely miss the orc.
The orc is heavily wounded.
You hit the orc. x2; The orc barely misses you.
You block the orc's attack. The orc barely misses you.
You barely miss the orc.
The orc is heavily wounded.
You hit the orc but do no damage. x2; The orc barely misses you.
The orc hits you but does no damage. x2
An orc comes into view. It is wielding a +0 mace.
You hit the orc.
You kill the orc!
You closely miss the orc. You hit the orc. The orc hits you but does no damage.
The orc hits you with a +0 morningstar. You block the orc's attack.
The orc barely misses you. The orc hits you but does no damage.
The orc hits you with a +0 mace!
* * * LOW HITPOINT WARNING * * *
The orc hits you but does no damage.
You see here a +0 club.
The orc attacks as you move away! The orc hits you with a +0 mace.
* * * LOW HITPOINT WARNING * * *
The orc hits you with a +0 morningstar.
* * * LOW HITPOINT WARNING * * *
You are confused.
You feel invigorated. The orc hits you with a +0 dagger.
* * * LOW HITPOINT WARNING * * *
The orc closely misses you. The orc hits you with a +0 morningstar.
You die...

... ... #############
.... #...#.......# #...
#.........'
##...#######+#.#.......#
#.......)..†...+.......+
#.....ooo......#.......#
#......@.......+.......'
#........[.....#.......#
#.....................##
########.....#........#
#.....#........##
#.....#..........
................
.........#......
.....#......


You could see 3 orcs.

Vanquished Creatures
  A worm (D:2)
  2 orcs (D:3)
  3 bats (D:1)
  A giant cockroach (D:2)
  5 goblins
  3 hobgoblins
  2 kobolds
  2 quokkas
  2 ball pythons
  6 rats
27 creatures vanquished.

Notes
Turn   | Place    | Note
-------+----------+-------------------------------------------
     0 | D:1      | Okkudo the Hill Orc Monk began the quest for the Orb.
     0 | D:1      | Reached XP level 1. HP: 19/19 MP: 1/1
   138 | D:1      | Reached XP level 2. HP: 27/27 MP: 2/2
   219 | D:1      | Found a faded altar of an unknown god.
  1119 | D:2      | Reached skill level 1 in Shields
  1125 | D:2      | Found Jorimar's Antique Armour Boutique.
  1377 | D:2      | Reached XP level 3. HP: 17/33 MP: 3/3
  1379 | D:2      | Reached skill level 1 in Armour
  1555 | D:2      | Bought a kite shield for 99 gold pieces
  1595 | D:3      | Identified the ring of Owupnari {rC+ rN+ Dex-3 Stlth+}
  1711 | D:3      | HP: 1/33 [orc/+0 morningstar (2)]
  1712 | D:3      | Slain by an orc

Illustrated notes

Levels and vault maps discovered:
D:1:      minmay_arrival_radiant_lines, layout_basic,
          chequers_ecumenical_altar_island, minmay_misc_feat_alley,
          minmay_crystal_room
D:2:      layout_rooms, serial_shops, nicolae_shop_tiny_real_fake_doors
D:3:      minmay_chambers_of_twos, layout_basic

Skill      XL: |  1  2  3 |
---------------+----------+-----
Fighting       | 4 |  4.2
Shields        | 1 |  1.2
Armour         | 1 |  1.1
Axes           | |  4.5
Dodging        | |  2.4

Action                     || total
---------------------------++-------
  Melee: Hand axe          ||    80
    Use: Potion            ||     1
 Armour: Robe              ||    10
         Chain mail        ||    20
  Dodge: Dodged            ||    57
  Block: Kite shield       ||     4
